 Dungeon Crawl Stone Soup version 0.31.0-11-ge490571c62 (webtiles) character file.

Game seed: 4965258367781516388

25 Lolow the Caller (level 2, 0/13 HPs)
             Began as a Deep Elf Summoner on Feb 3, 2024.
             Was a Follower of Ru.
             Succumbed to an adder's poison
             ... on level 2 of the Dungeon on Feb 4, 2024.
             The game lasted 00:13:00 (1130 turns).

Lolow the Caller (Deep Elf Summoner)                Turns: 1130, Time: 00:13:01

Health: 0/13       AC:  2    Str:  5    XL:     2   Next: 86%
Magic:  8/8        EV: 12    Int: 19    God:    Ru [*.....]
Gold:   56         SH:  0    Dex: 15    Spells: 4/7 levels left

rFire   + . .        h - +1 dagger (holy)
rCold   + . .        (no shield)
rNeg    . . .        a - +0 robe
rPois   +            (no helmet)
rElec   +            (no cloak)
rCorr   +            (no gloves)
SInv    .            (no boots)
Will    +....        (no amulet)
Stlth   ++           f - ring of willpower
HPRegen 0.22/turn    (no ring)
MPRegen 0.11/turn

%: no passive effects
@: lethally poisoned (0 -> -5), resistant
A: frail 1
a: Renounce Religion


You were on level 2 of the Dungeon.
You worshipped Ru.
Ru was aware of your devotion.
You visited 1 branch of the dungeon, and saw 2 of its levels.

You collected 56 gold pieces.

Inventory:

Hand Weapons
 g - a +0 dagger
 h - a +1 dagger of holy wrath (weapon)
Missiles
 e - 20 stones
Armour
 a - a +0 robe (worn)
Jewellery
 f - a ring of willpower (left hand)
Scrolls
 c - a scroll of torment {unknown}
 d - 2 scrolls of identify {unknown}
 j - a scroll of noise {unknown}
Potions
 b - a potion of magic
 k - a potion of curing {unknown}


   Skills:
 + Level 0.2 Short Blades
 + Level 2.6 Dodging
 + Level 2.4 Stealth
 + Level 3.3 Spellcasting
 + Level 5.1 Summonings


You had 4 spell levels left.
You knew the following spells:

 Your Spells              Type           Power      Damage    Failure   Level
a - Summon Small Mammal   Summ           88%        N/A       1%          1
b - Call Imp              Summ           44%        N/A       2%          2

Your spell library contained the following spells:

 Spells                   Type           Power      Damage    Failure   Level
 Call Canine Familiar     Summ           22%        N/A       5%          3
 Summon Blazeheart Golem  Fire/Summ      12%        N/A       45%         4
 Summon Lightning Spire   Summ/Air       12%        N/A       45%         4


Dungeon Overview and Level Annotations

Branches:
Dungeon (2/15)

Altars:
Ru

Shops:
D:1 =[*?(


Innate Abilities, Weirdness & Mutations

You are frail. (-10% HP)


Message History

Your cerulean imp hits the endoplasm but does no damage.
You hit the endoplasm but do no damage.
The adder hisses angrily.
Your cerulean imp hits the endoplasm but does no damage.
The endoplasm freezes you.
You are frozen.
You hit the endoplasm.
The endoplasm is heavily wounded.
Your cerulean imp hits the endoplasm with a -2 spear.
The endoplasm completely misses you.
Your cerulean imp barely misses the endoplasm.
The endoplasm attacks as it pursues you!
The endoplasm hits you.
Your cerulean imp hits the endoplasm with a -2 spear.
The endoplasm dies!
Your cerulean imp closely misses the adder.
Your cerulean imp closely misses the adder.
The adder barely misses you.
You hit the adder.
The adder is moderately wounded.
Your cerulean imp hits the adder from afar with a -2 spear.
The adder bites you.
You are poisoned.
The adder poisons you!
You closely miss the adder.
The adder is heavily wounded.
You feel sick.
Your cerulean imp hits the adder from afar with a -2 spear.
The adder closely misses you.
You hit the adder but do no damage.
The adder is severely wounded.
You feel sick. The adder bites you.
* * * LOW HITPOINT WARNING * * *
You are more poisoned.
The adder poisons you!
Your cerulean imp barely misses the adder.
The adder barely misses you.
It was a potion of resistance.
You feel protected.
You die...

############
##..........##
#..........<.##
.........5.S@.#
..............#
..............#
..............#
..............#
.............##
##..........##
############


You could see an adder (ally target) and a friendly cerulean imp (summoned).

Vanquished Creatures
  A bat (D:1)
  A frilled lizard (D:1)
  A rat (D:1)
3 creatures vanquished.

Vanquished Creatures (collateral kills)
  A bat (D:1)
  4 endoplasms
  2 giant cockroaches (D:1)
  3 goblins (D:1)
  2 hobgoblins (D:1)
  2 jackals (D:1)
  2 ball pythons (D:1)
  3 kobolds (D:1)
  A rat (D:1)
20 creatures vanquished.

Grand Total: 23 creatures vanquished

Notes
Turn   | Place    | Note
-------+----------+-------------------------------------------
     0 | D:1      | Lolow the Deep Elf Summoner began the quest for the Orb.
     0 | D:1      | Reached XP level 1. HP: 10/10 MP: 6/6
    74 | D:1      | Found Upeilloe's Jewellery Emporium.
   165 | D:1      | Found Qokitaiss's Magic Scroll Boutique.
   240 | D:1      | Found a faded altar of an unknown god.
   244 | D:1      | Prayed at the altar of an unknown god.
   244 | D:1      | Became a worshipper of Ru the Awakened
   314 | D:1      | Reached XP level 2. HP: 15/15 MP: 4/8
   366 | D:1      | Found Cojistre's Antique Weapon Shoppe.
   416 | D:1      | Gained mutation: You are frail. (-10% HP) [Ru sacrifice]
   416 | D:1      | Reached * piety under Ru
   471 | D:1      | Found Ulig's Assorted Antiques.
   551 | D:1      | Found Tuokhleuc's Armour Shop.
   588 | D:1      | Reached skill level 5 in Summonings
  1108 | D:1      | Learned a level 2 spell: Call Imp
  1130 | D:2      | Succumbed to an adder's poison

Illustrated notes

Levels and vault maps discovered:
D:1:      onia_arrival_pyramid, layout_basic, serial_shops, nicolae_square_shop,
          shop_statue, nicolae_shop_tiny_statue_garden, nicolae_shop_trees,
          nicolae_shop_back_alley_shop, shapermc_ecumenical_altar_mp_ritualfount
D:2:      layout_rooms, dreamdust_mushroom_princess

Skill      XL: |  1  2 |
---------------+-------+-----
Summonings     | 5 |  5.1
Short Blades   | |  0.2
Dodging        | |  2.6
Stealth        | |  2.4
Spellcasting   | |  3.3

Action                     || total
---------------------------++-------
  Melee: Unarmed           ||    11
         Dagger            ||    25
   Cast: Summon Small Mamm ||    28
         Call Imp          ||     1
 Invoke: Sacrifice Health  ||     1
    Use: Potion            ||     1
 Armour: Robe              ||    16
  Dodge: Dodged            ||    29
